 Dungeon Crawl Stone Soup version 0.16.2-12-gd0ad4c3 (webtiles) character file.

100 hannobal the Conjurer (level 4, -1/27 HPs)
             Began as an Octopode Wizard on Oct 8, 2015.
             Slain by Grinder (2 damage)
             ... on level 3 of the Dungeon.
             The game lasted 00:09:53 (3165 turns).

hannobal the Conjurer (Octopode Wizard)             Turns: 3165, Time: 00:09:53

Health: -1/27      AC:  1    Str:  7    XL:     4   Next: 73%
Magic:  3/9        EV: 12    Int: 25    God:
Gold:   57         SH:  0    Dex: 10    Spells: 4 memorised, 2 levels left

rFire  . . .     SeeInvis .     a - +0 trident
rCold  . . .     Clarity  .     (no shield)
rNeg   . . .     SustAb   +     q - +0 hat
rPois  .         Gourm    .     (no amulet)
rElec  .         Spirit   .     n - +5 ring of intelligence
rCorr  .         Warding  .     j - ring of sustain abilities
rMut   .         Stasis   .     (no ring)
MR     .....                    (no ring)
Stlth  +++.......               (no ring)
                                (no ring)
                                (no ring)
                                (no ring)

@: very slightly contaminated, hasted, repel missiles, very quick, not resistant
to hostile enchantments, fairly stealthy
A: almost no armour, amphibious, 8 rings, constrict 8, beak, camouflage 1,
gelatinous body 1
a: no special abilities


You were on level 3 of the Dungeon.
You were not hungry.

You visited 1 branch of the dungeon, and saw 3 of its levels.

You collected 57 gold pieces.

Inventory:

Hand weapons
 a - a +0 trident (weapon)
 b - a +0 blowgun
 m - a +0 war axe
 r - a +0 hunting sling
Missiles
 e - 71 stones (quivered)
 f - 15 poisoned needles
 h - 25 bolts
 k - 11 tomahawks
 l - 28 arrows
Armour
 q - a +0 hat (worn)
Jewellery
 j - a ring of sustain abilities (right tentacle)
 n - a +5 ring of intelligence (left tentacle)
Magical devices
 p - a wand of hasting (2)
Scrolls
 i - 2 scrolls of identify
Books
 c - a book of Minor Magic

   Spells                             Type                      Level
   a - Magic Dart                     Conjuration                  1
   b - Blink                          Translocation                2
   c - Call Imp                       Summoning                    2
   d - Repel Missiles                 Charms/Air                   2
   e - Slow                           Hexes                        2
   f - Conjure Flame                  Conjuration/Fire             3
   g - Mephitic Cloud                 Conjuration/Poison/Air       3
Comestibles
 d - 5 bread rations {@e1}
 g - 9 fruits
 o - a chunk of flesh {@w0}


   Skills:
 - Level 2.0 Dodging
 - Level 2.6 Stealth
 - Level 3.0 Spellcasting
 + Level 3.8 Conjurations
 - Level 1.3 Charms
 - Level 1.0 Summonings
 - Level 1.0 Translocations
 - Level 1.0 Air Magic


You had 2 spell levels left.
You knew the following spells:

 Your Spells              Type           Power        Failure   Level  Hunger
b - Blink                 Tloc           N/A          12%         2    ##.....
i - Call Imp              Summ           #.......     12%         2    ##.....
r - Repel Missiles        Chrm/Air       #.....       12%         2    ##.....
z - Magic Dart            Conj           ###.         1%          1    None


Dungeon Overview and Level Annotations

Branches:
Dungeon (3/15)

Altars:
Fedhas
Qazlal

Annotations:
D:3 Grinder


Innate Abilities, Weirdness & Mutations

You cannot wear most types of armour.
You are amphibious.
You can wear up to eight rings at the same time.
You can use your tentacles to constrict many enemies at once.
Your skin changes colour to match your surroundings (Stealth).
Your rubbery body absorbs attacks (AC +1).
You have a beak for a mouth.


Message History

Grinder hits you!
You writhe in agony.
Grinder hits you!
* * * LOW HITPOINT WARNING * * *
You writhe in agony.
* * * LOW HITPOINT WARNING * * *
You can move again.
Unknown command.
Unknown command.
You aren't carrying any potions.
Read which item? (? for menu, Esc to quit)
Okay, then.
Evoke which item? (* to show all) (? for menu, Esc to quit)
Zapping:
p - a wand of hasting (3)
Press: ? - help, Shift-Dir - straight line, f - you, p - Grinder You feel yourself speed up.
You are very lightly contaminated with residual magic.
This wand has 2 charges left.
Grinder hits you.
* * * LOW HITPOINT WARNING * * *
You writhe in agony.
You die...

#### . #... #..
.################... ....
.................... #....
#......#...####...
.#.....##......#...#######
........5@...)............
.......#.......#...###....
...?. ############# #....
.... #.... .). ####.... .
#....... #.)..... #.......
#.......


You could see Grinder.

Vanquished Creatures
  4 adders
  2 giant geckos
  An ooze (D:2)
  2 ball pythons
  3 bats
  3 giant cockroaches
  6 goblins
  6 hobgoblins
  7 jackals
  4 giant newts
  11 kobolds
  2 quokkas (D:3)
  3 rats (D:1)
  2 fungi (D:2)
56 creatures vanquished.

Notes
Turn   | Place    | Note
--------------------------------------------------------------
     0 | D:1      | hannobal, the Octopode Wizard, began the quest for the Orb.
     0 | D:1      | Reached XP level 1. HP: 11/11 MP: 4/4
   611 | D:1      | Reached XP level 2. HP: 17/17 MP: 3/6
   615 | D:1      | Learned a level 2 spell: Call Imp
   618 | D:1      | Learned a level 2 spell: Blink
   621 | D:1      | Learned a level 2 spell: Repel Missiles
  1359 | D:1      | Reached XP level 3. HP: 21/21 MP: 2/7
  1371 | D:2      | Found a blossoming altar of Fedhas.
  1371 | D:2      | Found a stormy altar of Qazlal.
  1701 | D:2      | Reached skill level 1 in Charms
  2068 | D:2      | Reached skill level 1 in Air Magic
  2156 | D:2      | Reached XP level 4. HP: 27/27 MP: 2/9
  2988 | D:3      | Gained mutation: You have a beak for a mouth. [potion of mutation]
  2988 | D:3      | Gained mutation: You are agile. (Dex +2) [potion of mutation]
  2988 | D:3      | Lost mutation: You are agile. (Dex +2) [potion of mutation]
  3153 | D:3      | Noticed Grinder
  3161 | D:3      | Paralysed by Grinder for 4 turns
  3165 | D:3      | HP: 1/27 [Grinder (5)]
  3165 | D:3      | Slain by Grinder

Action                   |  1- 3 |  4- 6 || total
-------------------------+-------+-------++-------
Melee: Short sword       |    26 |       ||    26
       Trident           |       |     6 ||     6
 Cast: Magic Dart        |    89 |    54 ||   143
       Repel Missiles    |     1 |     1 ||     2
Evoke: Wand              |       |     1 ||     1
  Use: Scroll            |     4 |     3 ||     7
       Potion            |     1 |     4 ||     5
  Eat: Chunk             |     4 |     3 ||     7
